| TOP OF THE 1ST |
|
Syracuse Chiefs batting - Pitching for Albuquerque Isotopes : RHP Jose Avila
|
|
Pitching: RHP Jose Avila
|
|
|
Batting: LHB Dillon Gonzalez
|
0-0: Foul Ball, location: 2F 0-1: SINGLE (Groundball, 4MD, EV 96.9 MPH)
|
|
Batting: LHB Alexis Cantu
|
0-0: Called Strike Dillon Gonzalez steals 2nd base 0-1: Ground out 4-3 (Groundball, 4, EV 105.6 MPH) Dillon Gonzalez to third
|
|
Batting: LHB Kyung-jin Cho
|
0-0: Ball 1-0: Ground out U3 (Groundball, 34D, EV 88.1 MPH) Dillon Gonzalez scores
|
|
Batting: LHB Jae-ik Soung
|
0-0: Ball 1-0: Foul Ball, location: 2F 1-1: Called Strike 1-2: Strikes out looking
|
| Top of the 1st over - 1 run, 1 hit, 0 errors, 0 left on base; Syracuse 1 - Albuquerque 0 |
| BOTTOM OF THE 1ST |
|
Albuquerque Isotopes batting - Pitching for Syracuse Chiefs : RHP Chris Wood
|
|
Pitching: RHP Chris Wood
|
|
|
Batting: LHB Alfredo de la Cruz
|
0-0: Foul Ball, location: 2F 0-1: Swinging Strike 0-2: Ball 1-2: Ball 2-2: Ground out U3 (Groundball, 13, EV 80.0 MPH)
|
|
Batting: LHB Chad Persaud
|
0-0: Called Strike 0-1: Called Strike 0-2: Ball 1-2: Ball 2-2: Foul Ball, location: 2F 2-2: Ground out 1-3 (Groundball, 34S, EV 76.2 MPH)
|
|
Batting: LHB Adam Hill
|
0-0: Called Strike 0-1: Foul Ball, location: 2F 0-2: Ball 1-2: Ball 2-2: Strikes out swinging
|
| Bottom of the 1st over - 0 runs, 0 hits, 0 errors, 0 left on base; Syracuse 1 - Albuquerque 0 |
| TOP OF THE 2ND |
|
Syracuse Chiefs batting - Pitching for Albuquerque Isotopes : RHP Jose Avila
|
|
Batting: RHB Mike Buchanan
|
0-0: Foul Ball, location: 2F 0-1: Called Strike 0-2: Ground out 6-3 (Groundball, 6, EV 81.2 MPH)
|
|
Batting: RHB Jim Miske
|
0-0: Ball 1-0: Ball 2-0: Ball 3-0: Called Strike 3-1: Base on Balls
|
|
Batting: RHB Gabe Almazan
|
0-0: Ball Jim Miske steals 2nd base 1-0: SINGLE (Line Drive, 7S, EV 103.1 MPH) Jim Miske to third Runner from 3rd tries for Home, SAFE, throw by LF to home
|
|
Batting: LHB Evan Oliveri
|
0-0: Ball 1-0: Called Strike Gabe Almazan is caught stealing 2nd base 2-6 1-1: Swinging Strike 1-2: Foul Ball, location: 2F 1-2: Ball 2-2: Ball 3-2: Base on Balls
|
|
Batting: RHB Rafael Medina
|
0-0: Called Strike 0-1: Ball 1-1: SINGLE (Line Drive, 4D, EV 102.5 MPH) Evan Oliveri to second Throwing error, E9 Evan Oliveri scores Rafael Medina to second
|
|
Batting: LHB Dillon Gonzalez
|
0-0: Called Strike 0-1: Foul Ball, location: 2F 0-2: Foul Ball, location: 2F 0-2: Ball 1-2: Ball 2-2: Strikes out swinging
|
| Top of the 2nd over - 2 runs, 2 hits, 1 error, 1 left on base; Syracuse 3 - Albuquerque 0 |
| BOTTOM OF THE 2ND |
|
Albuquerque Isotopes batting - Pitching for Syracuse Chiefs : RHP Chris Wood
|
|
Batting: RHB Chris King
|
0-0: Called Strike 0-1: Fly out, F9 (Flyball, 9, EV 98.1 MPH)
|
|
Batting: LHB Gabe Harvey
|
0-0: Ball 1-0: Foul Ball, location: 2F 1-1: Foul Ball, location: 2F 1-2: Ball 2-2: Foul Ball, location: 2F 2-2: Strikes out swinging
|
|
Batting: RHB Eddie McCoy
|
0-0: Called Strike 0-1: Swinging Strike 0-2: Ball 1-2: Ground out 5-3 (Groundball, 56S, EV 85.0 MPH)
|
| Bottom of the 2nd over - 0 runs, 0 hits, 0 errors, 0 left on base; Syracuse 3 - Albuquerque 0 |
| TOP OF THE 3RD |
|
Syracuse Chiefs batting - Pitching for Albuquerque Isotopes : RHP Jose Avila
|
|
Batting: LHB Alexis Cantu
|
0-0: Called Strike 0-1: Ball 1-1: Ball 2-1: Ball 3-1: Base on Balls
|
|
Batting: LHB Kyung-jin Cho
|
0-0: Ball 1-0: Called Strike 1-1: Called Strike 1-2: Ball 2-2: Ball 3-2: Foul Ball, location: 2F 3-2: Foul Ball, location: 2F 3-2: 2-RUN HOME RUN (Flyball, 9LD, EV 90.6 MPH), Distance : 341 ft
|
|
Batting: LHB Jae-ik Soung
|
0-0: Ball 1-0: Foul Ball, location: 2F 1-1: Ball 2-1: Called Strike 2-2: Ball 3-2: Strikes out swinging
|
|
Batting: RHB Mike Buchanan
|
0-0: Called Strike 0-1: Foul Ball, location: 2F 0-2: Ball 1-2: Strikes out looking
|
|
Batting: RHB Jim Miske
|
0-0: Ball 1-0: Foul Ball, location: 2F 1-1: Ball 2-1: Called Strike 2-2: Ground out 5-3 (Groundball, 56S, EV 63.8 MPH)
|
| Top of the 3rd over - 2 runs, 1 hit, 0 errors, 0 left on base; Syracuse 5 - Albuquerque 0 |
| BOTTOM OF THE 3RD |
|
Albuquerque Isotopes batting - Pitching for Syracuse Chiefs : RHP Chris Wood
|
|
Batting: RHB Herb McIntyre
|
0-0: Ball 1-0: Foul Ball, location: 2F 1-1: Called Strike 1-2: Strikes out swinging
|
|
Batting: SHB Mitchell Greene
|
0-0: Called Strike 0-1: Ball 1-1: Called Strike 1-2: Ground out U3 (Groundball, 3, EV 82.5 MPH)
|
|
Batting: RHB Mike Ball
|
0-0: Ground out 6-3 (Groundball, P, EV 83.8 MPH)
|
| Bottom of the 3rd over - 0 runs, 0 hits, 0 errors, 0 left on base; Syracuse 5 - Albuquerque 0 |
| TOP OF THE 4TH |
|
Syracuse Chiefs batting - Pitching for Albuquerque Isotopes : RHP Jose Avila
|
|
Batting: RHB Gabe Almazan
|
0-0: Foul Ball, location: 2F 0-1: Ball 1-1: Ground out 4-3 (Groundball, 4M, EV 83.8 MPH)
|
|
Batting: LHB Evan Oliveri
|
0-0: Ball 1-0: Ball 2-0: Ball 3-0: Foul Ball, location: 2F 3-1: Base on Balls
|
|
Pitching: RHP Jose Lopez
|
|
|
Batting: RHB Rafael Medina
|
0-0: Grounds into double play, 4-6-3 (Groundball, 34S, EV 84.4 MPH)
|
| Top of the 4th over - 0 runs, 0 hits, 0 errors, 0 left on base; Syracuse 5 - Albuquerque 0 |
| BOTTOM OF THE 4TH |
|
Albuquerque Isotopes batting - Pitching for Syracuse Chiefs : RHP Chris Wood
|
|
Batting: LHB Alfredo de la Cruz
|
0-0: Called Strike 0-1: Called Strike 0-2: Ground out U3 (Groundball, 3, EV 82.5 MPH)
|
|
Batting: LHB Chad Persaud
|
0-0: Called Strike 0-1: Fly out, F3 (Popup, 3F, EV 72.5 MPH)
|
|
Batting: LHB Adam Hill
|
0-0: Ball 1-0: Ball 2-0: Called Strike 2-1: Foul Ball, location: 2F 2-2: Foul Ball, location: 2F 2-2: Strikes out swinging
|
| Bottom of the 4th over - 0 runs, 0 hits, 0 errors, 0 left on base; Syracuse 5 - Albuquerque 0 |
| TOP OF THE 5TH |
|
Syracuse Chiefs batting - Pitching for Albuquerque Isotopes : RHP Jose Lopez
|
|
Batting: LHB Dillon Gonzalez
|
0-0: Ball 1-0: Ball 2-0: Foul Ball, location: 2F 2-1: DOUBLE (Flyball, 8LD, EV 104.4 MPH)
|
|
Batting: LHB Alexis Cantu
|
0-0: Foul Ball, location: 2F 0-1: Ball 1-1: Swinging Strike 1-2: SINGLE (Flyball, 5D, EV 87.5 MPH) Dillon Gonzalez to third
|
|
Batting: LHB Kyung-jin Cho
|
0-0: Ball 1-0: Ball 2-0: Called Strike 2-1: Ball 3-1: Base on Balls Alexis Cantu to second
|
|
Batting: LHB Jae-ik Soung
|
0-0: Ball 1-0: Ball 2-0: Called Strike 2-1: Called Strike 2-2: Ball 3-2: Strikes out swinging
|
|
Batting: RHB Mike Buchanan
|
0-0: Swinging Strike 0-1: Called Strike 0-2: Strikes out looking
|
|
Batting: RHB Jim Miske
|
0-0: Ball 1-0: Called Strike 1-1: Ball 2-1: Fly out, F7 (Flyball, 78M, EV 80.6 MPH)
|
| Top of the 5th over - 0 runs, 2 hits, 0 errors, 3 left on base; Syracuse 5 - Albuquerque 0 |
| BOTTOM OF THE 5TH |
|
Albuquerque Isotopes batting - Pitching for Syracuse Chiefs : RHP Chris Wood
|
|
Batting: RHB Chris King
|
0-0: SOLO HOME RUN (Flyball, 7D, EV 94.4 MPH), Distance : 365 ft
|
|
Batting: LHB Gabe Harvey
|
0-0: Ball 1-0: Ball 2-0: Ground out 5-3 (Groundball, 56, EV 104.4 MPH)
|
|
Batting: RHB Eddie McCoy
|
0-0: Ball 1-0: Foul Ball, location: 2F 1-1: Ball 2-1: Foul Ball, location: 2F 2-2: Ball 3-2: Fly out, F8 (Flyball, 8RXD, EV 109.4 MPH)
|
|
Batting: RHB Herb McIntyre
|
0-0: Swinging Strike 0-1: Foul Ball, location: 2F 0-2: Strikes out swinging
|
| Bottom of the 5th over - 1 run, 1 hit, 0 errors, 0 left on base; Syracuse 5 - Albuquerque 1 |
| TOP OF THE 6TH |
|
Syracuse Chiefs batting - Pitching for Albuquerque Isotopes : RHP Jose Lopez
|
|
Batting: RHB Gabe Almazan
|
0-0: Called Strike 0-1: Ball 1-1: Swinging Strike 1-2: Ball 2-2: Ball 3-2: Ground out 6-3 (Groundball, 6, EV 110.6 MPH)
|
|
Batting: LHB Evan Oliveri
|
0-0: Ball 1-0: Ball 2-0: Foul Ball, location: 2F 2-1: Called Strike 2-2: Ground out 4-3 (Groundball, 4, EV 100.0 MPH)
|
|
Batting: RHB Rafael Medina
|
0-0: Ball 1-0: Ball 2-0: Foul Ball, location: 2F 2-1: Swinging Strike 2-2: Foul Ball, location: 2F 2-2: Ball 3-2: Base on Balls
|
|
Batting: LHB Dillon Gonzalez
|
0-0: Called Strike Rafael Medina steals 2nd base 0-1: Called Strike 0-2: Foul Ball, location: 2F 0-2: Strikes out looking
|
| Top of the 6th over - 0 runs, 0 hits, 0 errors, 1 left on base; Syracuse 5 - Albuquerque 1 |
| BOTTOM OF THE 6TH |
|
Albuquerque Isotopes batting - Pitching for Syracuse Chiefs : RHP Chris Wood
|
|
Batting: SHB Mitchell Greene
|
0-0: Ball 1-0: Ball 2-0: Ball 3-0: Called Strike 3-1: SINGLE (Groundball, 4M, EV 97.5 MPH) (infield hit)
|
|
Batting: RHB Mike Ball
|
0-0: Called Strike 0-1: Ball 1-1: Ball 2-1: SINGLE (Groundball, 13, EV 86.9 MPH) (infield hit) Mitchell Greene to second
|
|
Batting: LHB Alfredo de la Cruz
|
0-0: Ball 1-0: Ball 2-0: Ball Wild Pitch! Mitchell Greene to third Mike Ball to second 3-0: Called Strike 3-1: Foul Ball, location: 2F 3-2: Base on Balls
|
|
Batting: LHB Chad Persaud
|
0-0: Ball 1-0: DOUBLE (Flyball, 89XD, EV 104.4 MPH) Mitchell Greene scores Mike Ball scores Alfredo de la Cruz to third
|
|
Batting: LHB Adam Hill
|
0-0: Swinging Strike 0-1: Ball 1-1: SINGLE (Groundball, 34S, EV 63.8 MPH) (infield hit)
|
|
Pinch Runner at 1st Jamel Wright:
|
|
|
Batting: RHB Chris King
|
0-0: Ball 1-0: Foul Ball, location: 2F 1-1: Foul Ball, location: 2F 1-2: Ball 2-2: Ball 3-2: Foul Ball, location: 2F 3-2: SINGLE (Line Drive, 78S, EV 100.0 MPH) Alfredo de la Cruz scores Chad Persaud to third Jamel Wright to second Runner from 3rd tries for Home, SAFE, throw by CF to home
|
|
Pitching: LHP Jose Torres
|
|
|
Batting: LHB Gabe Harvey
|
0-0: Ball 1-0: Foul Ball, location: 2F 1-1: Foul Ball, location: 2F 1-2: Ball 2-2: Strikes out looking
|
|
Batting: RHB Eddie McCoy
|
0-0: Ball 1-0: Foul Ball, location: 2F 1-1: Ball 2-1: Fly out, F8 (Flyball, 8LM, EV 83.8 MPH)
|
|
Batting: RHB Herb McIntyre
|
0-0: Ball 1-0: Foul Ball, location: 2F 1-1: Fly out, F7 (Flyball, 7LM, EV 100.0 MPH)
|
| Bottom of the 6th over - 4 runs, 5 hits, 0 errors, 2 left on base; Syracuse 5 - Albuquerque 5 |
| TOP OF THE 7TH |
|
Syracuse Chiefs batting - Pitching for Albuquerque Isotopes : RHP Jose Lopez
|
|
Pitching: RHP Paulo Guincho
|
|
|
Now at SS: Bobby Heagle
|
|
|
Now in CF: Vinny Estrada
|
|
|
Batting: LHB Alexis Cantu
|
0-0: Ball 1-0: Foul Ball, location: 2F 1-1: Swinging Strike 1-2: Ground out 5-3 (Groundball, 56, EV 91.9 MPH)
|
|
Batting: LHB Kyung-jin Cho
|
0-0: Fly out, F5 (Line Drive, 5, EV 68.8 MPH)
|
|
Batting: LHB Jae-ik Soung
|
0-0: Swinging Strike 0-1: Foul Ball, location: 2F 0-2: Ball 1-2: Strikes out looking
|
| Top of the 7th over - 0 runs, 0 hits, 0 errors, 0 left on base; Syracuse 5 - Albuquerque 5 |
| BOTTOM OF THE 7TH |
|
Albuquerque Isotopes batting - Pitching for Syracuse Chiefs : LHP Jose Torres
|
|
Batting: SHB Mitchell Greene
|
0-0: Swinging Strike 0-1: Ball 1-1: Ground out 5-3 (Groundball, 56S, EV 72.5 MPH)
|
|
Batting: RHB Mike Ball
|
0-0: Ball 1-0: Foul Ball, location: 2F 1-1: Ball 2-1: Called Strike 2-2: Foul Ball, location: 2F 2-2: SINGLE (Flyball, 3D, EV 97.5 MPH)
|
|
Batting: LHB Alfredo de la Cruz
|
0-0: Ball 1-0: Called Strike 1-1: Fielders Choice at 2nd, 6-4 (Groundball, 6, EV 101.2 MPH)
|
|
Batting: RHB Vinny Estrada
|
0-0: Called Strike 0-1: Foul Ball, location: 2F 0-2: Ball 1-2: Ground out 6-3 (Groundball, 6MS, EV 63.1 MPH)
|
| Bottom of the 7th over - 0 runs, 1 hit, 0 errors, 1 left on base; Syracuse 5 - Albuquerque 5 |
| TOP OF THE 8TH |
|
Syracuse Chiefs batting - Pitching for Albuquerque Isotopes : RHP Paulo Guincho
|
|
Pinch Hitting: LHB Doug Anderson
|
0-0: Ground out 4-3 (Groundball, 34D, EV 82.5 MPH)
|
|
Batting: RHB Jim Miske
|
0-0: Called Strike 0-1: Swinging Strike 0-2: Foul Ball, location: 2F 0-2: Ball 1-2: Ball 2-2: Foul Ball, location: 2F 2-2: Foul Ball, location: 2F 2-2: Ball 3-2: Strikes out swinging
|
|
Batting: RHB Gabe Almazan
|
0-0: Called Strike 0-1: Swinging Strike 0-2: Ball 1-2: Strikes out swinging
|
| Top of the 8th over - 0 runs, 0 hits, 0 errors, 0 left on base; Syracuse 5 - Albuquerque 5 |
| BOTTOM OF THE 8TH |
|
Albuquerque Isotopes batting - Pitching for Syracuse Chiefs : LHP Jose Torres
|
|
Pitching: RHP Ruben Nevarel
|
|
|
Now in CF: Doug Anderson
|
|
|
Batting: RHB Bobby Heagle
|
0-0: Foul Ball, location: 2F 0-1: Ball 1-1: Swinging Strike 1-2: Ball 2-2: Ball 3-2: Ground out 5-3 (Groundball, 56, EV 85.0 MPH)
|
|
Batting: RHB Chris King
|
0-0: Called Strike 0-1: Ball 1-1: Ball 2-1: Called Strike 2-2: Ball 3-2: Strikes out swinging
|
|
Batting: LHB Gabe Harvey
|
0-0: Called Strike 0-1: Foul Ball, location: 2F 0-2: SINGLE (Groundball, 34D, EV 94.4 MPH)
|
|
Batting: RHB Eddie McCoy
|
0-0: Called Strike 0-1: Swinging Strike 0-2: Ball 1-2: Strikes out swinging
|
| Bottom of the 8th over - 0 runs, 1 hit, 0 errors, 1 left on base; Syracuse 5 - Albuquerque 5 |
| TOP OF THE 9TH |
|
Syracuse Chiefs batting - Pitching for Albuquerque Isotopes : RHP Paulo Guincho
|
|
Pitching: RHP Jon Turman
|
|
|
Batting: LHB Evan Oliveri
|
0-0: Ball 1-0: SINGLE (Groundball, 6S, EV 67.5 MPH) (infield hit)
|
|
Pinch Hitting: LHB Tom Reynolds
|
0-0: SINGLE (Flyball, 89S, EV 90.0 MPH) Evan Oliveri to second Runner from 2nd tries for 3rd, SAFE, throw by RF made to third
|
|
Batting: LHB Dillon Gonzalez
|
0-0: Ball 1-0: Called Strike 1-1: Swinging Strike 1-2: Foul Ball, location: 2F 1-2: Ball 2-2: Ball 3-2: Strikes out looking
|
|
Batting: LHB Alexis Cantu
|
0-0: Ball 1-0: Ball Wild Pitch! Evan Oliveri scores Tom Reynolds to second 2-0: Foul Ball, location: 2F 2-1: Foul Ball, location: 2F 2-2: Foul Ball, location: 2F 2-2: Ball 3-2: Base on Balls
|
|
Batting: LHB Kyung-jin Cho
|
0-0: Ball 1-0: Ball 2-0: Called Strike 2-1: Called Strike 2-2: Grounds into double play, 6-4-3 (Groundball, 6M, EV 84.4 MPH)
|
| Top of the 9th over - 1 run, 2 hits, 0 errors, 1 left on base; Syracuse 6 - Albuquerque 5 |
| BOTTOM OF THE 9TH |
|
Albuquerque Isotopes batting - Pitching for Syracuse Chiefs : RHP Ruben Nevarel
|
|
Now at 3B: Dusty Ballard
|
|
|
Batting: RHB Herb McIntyre
|
0-0: Called Strike 0-1: Ground out 4-3 (Groundball, 34, EV 81.9 MPH)
|
|
Batting: SHB Mitchell Greene
|
0-0: Called Strike 0-1: Fly out, F8 (Flyball, 89M, EV 66.2 MPH)
|
|
Batting: RHB Mike Ball
|
0-0: Ball 1-0: Ground out 4-3 (Groundball, 4, EV 89.4 MPH)
|
| Bottom of the 9th over - 0 runs, 0 hits, 0 errors, 0 left on base; Syracuse 6 - Albuquerque 5 |
|